 Dungeon Crawl Stone Soup version 0.27-a0-1529-g1e82c303ef (webtiles) character file.

Game seed: 9502160436521206085

290 RogueFanUK the Bolt Thrower (level 6, 38/38 HPs)
             Began as a Kobold Hunter on July 13, 2021.
             Quit the game on level 7 of the Dungeon.
             The game lasted 00:10:16 (2997 turns).

RogueFanUK the Bolt Thrower (Kobold Hunter)         Turns: 2997, Time: 00:10:16

Health: 38/38      AC:  7    Str:  9    XL:     6   Next: 58%
Magic:  6/6        EV: 13    Int: 13    God:
Gold:   59         SH:  0    Dex: 23    Spells: 5/5 levels left

rFire    . . .     SeeInvis .   a - +1 hand crossbow
rCold    . . .     Faith    .   (shield restricted)
rNeg     . . .     Spirit   .   e - +2 ring mail {rPois}
rPois    +         Reflect  .   (no helmet)
rElec    .         Harm     .   (no cloak)
rCorr    .         Rampage  .   (no gloves)
Will     .....                  (no boots)
Stlth    +++.......             (no amulet)
HPRegen  0.12/turn              g - +6 ring of dexterity
MPRegen  0.10/turn              (no ring)

@: no status effects
A: small, no large weapons, nightstalker 3
a: no special abilities


You were on level 7 of the Dungeon.
You visited 1 branch of the dungeon, and saw 5 of its levels.

You collected 59 gold pieces.

Inventory:

Hand Weapons
 a - a +1 hand crossbow (weapon)
 b - a +0 whip of venom
Missiles
 d - 30 bolts (quivered ammo)
 x - 7 poisoned darts
Armour
 e - a +2 ring mail of poison resistance (worn)
Jewellery
 g - a +6 ring of dexterity (left hand)
Scrolls
 c - a scroll of blinking {unknown}
 h - 2 scrolls of teleportation {unknown}
 i - 4 scrolls of identify {unknown}
 j - 3 scrolls of fog {unknown}
 k - 2 scrolls of magic mapping {unknown}
 m - a scroll of enchant armour {unknown}
 o - a scroll of immolation {unknown}
 p - 3 scrolls of enchant weapon {unknown}
 q - 2 scrolls of amnesia {unknown}
 u - a scroll of noise {unknown}
 v - a scroll of brand weapon {unknown}
 w - a scroll of fear {unknown}
Potions
 f - a potion of ambrosia {unknown}
 l - a potion of flight {unknown}
 n - 2 potions of curing {unknown}
 r - a potion of lignification {unknown}
 s - a potion of heal wounds {unknown}
 t - 2 potions of brilliance {unknown}
 z - a potion of attraction {unknown}
 A - a potion of might {unknown}


   Skills:
 + Level 3.8 Fighting
 + Level 7.4 Crossbows
 + Level 1.7 Armour
 + Level 2.7 Dodging
 + Level 1.6 Stealth


You had 5 spell levels left.
You didn't know any spells.
Your spell library contained the following spells:

 Spells                   Type           Power      Damage    Failure   Level
 Ignite Poison            Fire/Tmut/Pois 0%         N/A       94%         3
 Mephitic Cloud           Conj/Pois/Air  0%         N/A       94%         3
 Bolt of Magma            Conj/Fire/Erth 0%         4d4       100%        5


Dungeon Overview and Level Annotations

Branches:
Dungeon (4/15)
 Temple: D:4-7

Altars:
Ashenzari
Wu Jian


Innate Abilities, Weirdness & Mutations

You are small and have problems with some larger weapons.
You are completely attuned to the shadows.


Message History

You shoot a bolt. The bolt barely misses the hobgoblin.
Fire: 28 bolts
Press: ? - help, Q - select action, (/) - cycle Shift-Dir - straight line, f/p - hobgoblin
Aim: a hobgoblin (lightly wounded, 71% to hit)
You shoot a bolt. The bolt hits the hobgoblin.
You kill the hobgoblin!
d - 28 bolts (gained 1)
You see here a hobgoblin corpse.
d - 29 bolts (gained 1)
d - 30 bolts (gained 1)
You see here a +0 spear.
Things that are here:
a +0 dagger; 2 stones You open the door.
There is an open door here.
There is an open door here.
There is an open door here.
There is an open door here.
There is an open door here.
There is an open door here.
Done exploring.
(D) Dungeon
Where to? (Enter - D:3, ? - help) (A) Ashenzari (W) Wu Jian Go to which altar? (? - help)
Okay, then.
(D) Dungeon
Where to? (Enter - D:3, ? - help)
There is a stone staircase leading down here.
You climb downwards.
You hear the sound of rushing water.
There is an entrance to a sewer on this level.
Hurry and find it before the portal rusts away!
Found 20 stones.
There is a stone staircase leading up here.
You fall into a shaft and drop 3 floors!
The shaft crumbles and collapses.
You hear the hiss of flowing sand.
There is an entrance to an ossuary on this level.
Hurry and find it before the portal is buried!
Found 9 gold pieces and a club.
Found a stone staircase leading up.
Are you sure you want to abandon this character and quit the game? (Confirm with "yes".)

#.#.#
#.#.#. ##
#.....
...#..)#
#.$<@..#
##.#.....
.. #..###
# ##.# .#


There were no monsters in sight!

Vanquished Creatures
  A water moccasin zombie (D:3)
  A bullfrog zombie (D:3)
  2 orc priests (D:3)
  Natasha (D:2)
  4 adders
  A white imp (D:3)
  3 worms
  A dart slug (D:3)
  8 orcs (D:3)
  8 bats
  5 endoplasms
  A giant cockroach (D:3)
  5 goblins
  5 hobgoblins
  2 jackals (D:1)
  A quokka (D:1)
  3 ball pythons (D:1)
  2 frilled lizards
  7 kobolds
  4 rats
65 creatures vanquished.

Notes
Turn   | Place    | Note
-------+----------+-------------------------------------------
     0 | D:1      | RogueFanUK the Kobold Hunter began the quest for the Orb.
     0 | D:1      | Reached XP level 1. HP: 12/12 MP: 1/1
    39 | D:1      | Reached skill level 5 in Crossbows
   117 | D:1      | Reached XP level 2. HP: 17/17 MP: 2/2
   647 | D:1      | Reached XP level 3. HP: 22/22 MP: 3/3
  1086 | D:2      | Noticed Natasha
  1097 | D:2      | Killed Natasha
  1098 | D:2      | Reached skill level 6 in Crossbows
  1098 | D:2      | Reached XP level 4. HP: 9/27 MP: 4/4
  1861 | D:2      | Found an ornate altar of the Wu Jian Council.
  2080 | D:3      | Reached XP level 5. HP: 32/32 MP: 5/5
  2274 | D:3      | Reached skill level 7 in Crossbows
  2279 | D:3      | Found a broken altar of Ashenzari.
  2343 | D:3      | Reached skill level 1 in Armour
  2343 | D:3      | Reached XP level 6. HP: 37/37 MP: 6/6
  2996 | D:4      | You fall into a shaft and drop 3 floors!
  2997 | D:7      | Quit the game

Illustrated notes

Levels and vault maps discovered:
D:1:      dpeg_arrival_pond, layout_basic
D:2:      layout_loops_ring, basic_altar, minmay_tromino_v7, uniq_natasha
D:3:      layout_basic, mainiacjoe_overflow_24_doors
D:4:      cheibrodos_greedy_goblins, layout_cave_pools, fedhas_altar_1,
          portal_sewer_entry_b
D:7:      layout_basic, minmay_temple_entry_mini_moons,
          nicolae_ossuary_entry_catacombs, uniq_joseph

Skill      XL: |  1  2  3  4  5 |
---------------+----------------+-----
Crossbows      | 5 6 7 |  7.4
Fighting       | 3 |  3.8
Armour         | 1 |  1.7
Dodging        | |  2.7
Stealth        | |  1.6

Action                   |  1- 3 |  4- 6 || total
-------------------------+-------+-------++-------
 Fire: Hand crossbow     |    56 |   121 ||   177
Armor: Leather armour    |     1 |       ||     1
       Ring mail         |     6 |    16 ||    22
Dodge: Dodged            |    21 |    40 ||    61

Table legend: (Time is in decaauts)
 A = Elapsed time spent in this place.
 B = Non-inter-level travel time spent in this place.
 C = Inter-level travel time spent in this place.
 D = Time resting spent in this place.
 E = Time spent auto-exploring this place.
 F = Levels seen in this place.
 G = Mean time per level.
                   A        B        C        D        E       F      G
               +--------+--------+--------+--------+--------+-----+--------+
         Total |   3027 |   2966 |     61 |      0 |   2527 |   5 |  605.4 |
       Dungeon |   3027 |   2966 |     61 |      0 |   2527 |   5 |  605.4 |
               +--------+--------+--------+--------+--------+-----+--------+

Top non-repeatable levels by time:
     D:2: 1096 daAuts
     D:3: 992 daAuts
     D:1: 933 daAuts
     D:4: 4 daAuts
     D:7: 0 daAuts
